AoeStats
← dientee

Nomad

507805692Analyzed
4v4 RM · 13d ago on Sep 19, 2026· 27m 36s· 8 players
Game mode
Random Map
Map size
231×231
Population
200
Speed
Normal
Resources
Standard
Victory
Conquest
Starting age
Dark Age
Ending age
Imperial Age
RankedLock teamsTeams togetherTeam positionsShared explorationLock speedFull tech treeHidden civsTurbo modeCheats
Victory
Defeat
🇨🇳 Aztecs · China
1151
+14
🇨🇿 Celts · Czechia
1137
+14
🇹🇷 Malay · Türkiye
1130
+14
🇫🇷 Wu · France
1118
+15
🇨🇱 Vietnamese · Chile
1140
-16
🇦🇷 Berbers · Argentina
1095
-14
🇹🇷 Persians · Türkiye
1083
-14
🇵🇪 Georgians · Peru
1067
-13
Enkidu
4:41 Loom
12:34 Feudal Age
12:21 Loom
13:07 Double-Bit Axe
17:47 Castle Age
16:01 Stone Mining
16:44 Gold Mining
17:11 Fishing Lines
18:31 Bow Saw
18:22 Gillnets
19:30 Bloodlines
20:58 Gold Shaft Mining
21:48 Husbandry
23:35 Wheelbarrow
24:49 Scale Barding Armor
26:17 Chain Barding Armor
26:34 Forging
28:01 Hand Cart
Jc
Ricardo
4:45 Loom
dientee
4:57 Loom
Prekvapko, tu Hanz
3:03 Loom
14:18 Feudal Age
19:10 Castle Age
17:25 Double-Bit Axe
19:17 Scale Mail Armor
19:01 Horse Collar
25:43 Chain Mail Armor
26:16 Forging
27:48 Iron Casting
28:34 Wheelbarrow
Lizard Bro
13:40 Feudal Age
15:10 Man-at-Arms
16:11 Town Watch
17:03 Wheelbarrow
16:41 Arson
20:26 Scale Mail Armor
20:36 Forging
21:33 Loom
24:45 Castle Age
23:04 Fishing Lines
24:46 Long Swordsman
24:48 Pikeman
25:30 Squires
25:51 Chain Mail Armor
28:21 Iron Casting
Lavibeko
6:24 Loom
13:59 Feudal Age
13:35 Fishing Lines
13:51 Double-Bit Axe
18:25 Wheelbarrow
21:12 Castle Age
19:06 Gold Mining
20:31 Stone Mining
22:39 Forging
24:27 Gold Shaft Mining
24:11 Hand Cart
24:12 Gillnets
24:56 Squires
24:42 Arson
25:43 Iron Casting
巨炮叔叔
10:49 Loom
13:29 Feudal Age
15:47 Wheelbarrow
18:30 Castle Age
16:40 Fishing Lines
18:01 Double-Bit Axe
19:41 Bow Saw
19:54 Gold Mining
21:22 Gold Shaft Mining
25:28 Redemption
25:58 Hand Cart
Connection lost

Rejoining the realm…

Still unreachable

The connection could not be restored.

Session expired

The server has moved on; the page needs a fresh start.